 Dungeon Crawl Stone Soup version 0.29.0-4-gdea44cf6ec (webtiles) character file.

Game seed: 13556682905010016878

989 Shayle the Sneak (level 8, 0/48 HPs)
             Began as a Tengu Brigand on Aug 28, 2022.
             Was an Initiate of Ashenzari.
             Slain by Edmund
             ... wielding a +5 vorpal dire flail
              (11 damage)
             ... on level 5 of the Dungeon.
             The game lasted 00:08:04 (4707 turns).

Shayle the Sneak (Tengu Brigand)                    Turns: 4707, Time: 00:08:04

Health: 0/48       AC:  4    Str: 12    XL:     8   Next: 18%
Magic:  14/14      EV: 14    Int: 13    God:    Ashenzari [......]
Gold:   276        SH:  0    Dex: 16    Spells: 14/14 levels left

rFire   . . .      SeeInvis .   w - +1 quarterstaff (spect)
rCold   + . .      Faith    .   (shield currently unavailable)
rNeg    . . .      Spirit   .   b - +0 robe
rPois   .          Reflect  .   (helmet restricted)
rElec   .          Harm     .   c - +1 cloak
rCorr   +          Rampage  .   (no gloves)
Will    .....                   (boots unavailable)
Stlth   +++.......              (no amulet)
HPRegen 0.16/turn               x - ring of protection from cold
MPRegen 0.14/turn               h - ring of resist corrosion

@: grasped by roots, flying quickly and evasively, constricted, quick
A: beak, talons 3, nimble flight
a: Renounce Religion


You were on level 5 of the Dungeon.
You worshipped Ashenzari.
Ashenzari was noncommittal.
You visited 2 branches of the dungeon, and saw 6 of its levels.

You collected 276 gold pieces.

Inventory:

Hand Weapons
 l - a +4 dagger
 w - a +1 spectral quarterstaff (weapon)
Missiles
 d - 8 poisoned darts (quivered)
 e - a curare-tipped dart
 q - 2 atropa-tipped darts
Armour
 b - a +0 robe (worn)
 c - a +1 cloak (worn)
Jewellery
 f - a ring of willpower
 h - a ring of resist corrosion (right hand)
 x - a ring of protection from cold (left hand)
Wands
 B - a wand of quicksilver (1)
Scrolls
 g - a scroll of butterflies
Potions
 i - a potion of berserk rage {unknown}
 k - 9 potions of curing
 p - a potion of mutation {unknown}
 r - 2 potions of invisibility {unknown}
 s - 2 potions of might {unknown}
 t - 2 potions of haste {unknown}
 u - 3 potions of attraction {unknown}
 z - 2 potions of brilliance {unknown}


   Skills:
 + Level 4.9 Fighting
 - Level 2.1 Short Blades
 - Level 2.0 Throwing
 + Level 5.0 Dodging
 + Level 6.4 Stealth
 + Level 3.9 Spellcasting


You had 14 spell levels left.
You didn't know any spells.
Your spell library contained the following spells:

 Spells                   Type           Power      Damage    Failure   Level
 Inner Flame              Hex/Fire       2%         N/A       54%         3
 Cause Fear               Hex            1%         N/A       91%         4
 Discord                  Hex            1%         N/A       100%        8


Dungeon Overview and Level Annotations

Branches:
Dungeon (5/15)             Temple (1/1) D:4

Altars:
Ashenzari
Cheibriados
Dithmenos
Elyvilon
Fedhas
Gozag
Hepliaklqana
Kikubaaqudgha
Nemelex Xobeh
Okawaru
Qazlal
Ru
Sif Muna
Trog
Uskayaw
Vehumet
Wu Jian
Xom
Yredelemnul
Zin
The Shining One

Annotations:
D:5 Edmund


Innate Abilities, Weirdness & Mutations

You have a beak for a mouth.
You have claws for feet.
Your magical nature lets you fly swiftly and evasively.


Message History

You see here a +0 short sword.
Edmund the Younger comes into view.
He is wielding a +5 vorpal dire flail and carrying a wand of roots (10).
Unknown command.
Found a stone staircase leading up.
Edmund shouts!
Edmund says, "I might not be good at magic, but I can still kill you!"
Edmund zaps a wand.
The roots erupt in riotous growth!
The grasping roots grab you! The grasping roots constrict you.
You hear a croak.
You escape the roots grasp.
Edmund closely misses you.
You hit Edmund but do no damage. You claw Edmund, but do no damage.
Your +1 spectral quarterstaff hits Edmund!
Edmund hits you with a +5 vorpal dire flail!
You hit Edmund. Your kick misses Edmund.
Edmund is moderately wounded.
Your +1 spectral quarterstaff closely misses Edmund.
Edmund hits you with a +5 vorpal dire flail!
Unknown command.
You feel better. Edmund misses you.
You closely miss Edmund. You peck Edmund.
Edmund is moderately wounded.
Your +1 spectral quarterstaff hits Edmund!
Edmund misses you.
You hit Edmund. Your peck misses Edmund.
Edmund is severely wounded.
Your +1 spectral quarterstaff hits Edmund.
Edmund zaps a wand.
The roots erupt in riotous growth!
The grasping roots grab you!
Your +1 spectral quarterstaff is unaffected.
Edmund is unaffected.
The grasping roots constrict you.
Edmund hits you with a +5 vorpal dire flail!
* * * LOW HITPOINT WARNING * * *
x2 The grasping roots constrict you.
* * * LOW HITPOINT WARNING * * *
Unknown command.
You feel better.
Edmund grinds his teeth, and then sighs.
Edmund hits you with a +5 vorpal dire flail!
You die...

**,,,,,,,**,,,*#.......##*
*,,,,,,,,,..##*#........,,
********,#*******#..# *.......#,,
,,,,,**,,..,** #..# ##.....##,,
,,,,,,,,,...,** #..###.......##.
,,,,,,,,,....,* #....#..........
,,,,,,,,,.....####..#............
,,,,,,,,,................)...##..
,,,,,,,,,.....§@@....)..†)...##.#
,>,,,,,,,...............####.##.#
,,,,,,,,,.<.....###......).....).
,,,,,,,,,......#* #....#####..#.#
,,,,,**,,...#.#***#....# #.....
*********##...,,,.....## ###..#.#
#..***#......*##....#.# *****#.#*
#.#..#......#.#.#
*,,,,,,,****,*,,*..###.....#


You could see Edmund.

Vanquished Creatures
  Grinder (D:5)
  An ice beast (D:4)
  2 black bears (D:4)
  An ogre (D:4)
  A necrophage (D:5)
  A howler monkey (D:5)
  An orc priest (D:5)
  A hound (D:5)
  Terence (D:3)
  An iguana (D:4)
  3 orc wizards
  4 adders
  3 gnolls (D:5)
  2 worms (D:2)
  2 dart slugs
  5 orcs
  3 endoplasms
  4 giant cockroaches
  9 goblins
  2 hobgoblins
  8 jackals
  6 kobolds
  3 quokkas
  7 ball pythons
  A bat (D:3)
  4 frilled lizards
  4 rats
  2 butterflies (D:3)
83 creatures vanquished.

Vanquished Creatures (others)
  2 plants (D:3)
2 creatures vanquished.

Grand Total: 85 creatures vanquished

Notes
Turn   | Place    | Note
-------+----------+-------------------------------------------
     0 | D:1      | Shayle the Tengu Brigand began the quest for the Orb.
     0 | D:1      | Reached XP level 1. HP: 12/12 MP: 2/2
    46 | D:1      | Found a faded altar of an unknown god.
   333 | D:1      | Reached XP level 2. HP: 17/17 MP: 3/3
  1204 | D:2      | Found a radiant altar of Vehumet.
  1212 | D:2      | Reached XP level 3. HP: 22/22 MP: 5/5
  1305 | D:2      | Reached skill level 1 in Spellcasting
  2172 | D:3      | Found a radiant altar of Vehumet.
  2259 | D:3      | Reached XP level 4. HP: 27/27 MP: 6/6
  2617 | D:3      | Noticed Terence
  2628 | D:3      | Killed Terence
  2895 | D:4      | Noticed an ogre
  2902 | D:4      | Noticed a black bear
  2905 | D:4      | Killed an ogre
  2906 | D:4      | Reached skill level 5 in Stealth
  2906 | D:4      | Gained mutation: Your magical nature lets you fly swiftly
                  | and evasively. [Tengu growth]
  2906 | D:4      | Reached XP level 5. HP: 32/32 MP: 7/9
  2906 | D:4      | Killed a black bear
  2907 | D:4      | Reached XP level 6. HP: 37/37 MP: 7/10
  3150 | D:4      | Noticed a black bear
  3158 | D:4      | Killed a black bear
  3218 | D:4      | Reached XP level 7. HP: 25/42 MP: 12/12
  3662 | D:4      | Found a staircase to the Ecumenical Temple.
  3674 | Temple   | Entered the Ecumenical Temple
  3843 | Temple   | Became a worshipper of Ashenzari the Shackled
  4086 | D:5      | Entered Level 5 of the Dungeon
  4103 | D:5      | Identified the +1 robe of Duty {Harm Will+ Int+3}
  4104 | D:5      | Noticed Grinder
  4305 | D:5      | Killed Grinder
  4306 | D:5      | Reached skill level 6 in Stealth
  4438 | D:5      | Reached XP level 8. HP: 45/48 MP: 14/14
  4442 | D:5      | Found an ornate altar of the Wu Jian Council.
  4514 | D:5      | Reached skill level 5 in Dodging
  4697 | D:5      | Noticed Edmund
  4707 | D:5      | Slain by Edmund

Illustrated notes

Levels and vault maps discovered:
D:1:      amcnicky_arrival_choice, layout_loops_ring,
          dreamdust_ecumenical_altar_statues
D:2:      layout_basic, basic_altar
D:3:      layout_basic, mainiacjoe_overflow_boulevard,
          kennysheep_cluttered_room, hangedman_glass_garden,
          kennysheep_generic_room_15, uniq_terence
D:4:      layout_basic, minmay_temple_entry_poolview, minivault_26
D:5:      layout_rooms, old_standard_altar, uniq_edmund, uniq_ijyb,
          uniq_grinder, uniq_menkaure, uniq_prince_ribbit1
Temple:   compressed_dpeg_triangle_lava_temple

Skill      XL: |  1  2  3  4  5  6  7  8 |
---------------+-------------------------+-----
Spellcasting   | 1 2 3 |  3.9
Dodging        | 2 3 4 5 |  5.0
Fighting       | 3 4 |  4.9
Stealth        | 5 6 |  6.4
Short Blades   | |  2.1
Throwing       | |  2.0

Action                   |  1- 3 |  4- 6 |  7- 9 || total
-------------------------+-------+-------+-------++-------
Melee: Dagger            |    77 |     1 |       ||    78
       Kick              |     8 |     7 |    14 ||    29
       Peck              |     8 |       |     6 ||    14
       Quarterstaff      |       |    24 |    34 ||    58
Throw: Dart              |       |     9 |       ||     9
Evoke: Wand              |       |     4 |     4 ||     8
  Use: Scroll            |     1 |       |    10 ||    11
       Potion            |       |       |     2 ||     2
 Stab: Sleeping          |    12 |     7 |     1 ||    20
       Distracted        |       |     1 |     1 ||     2
Armor: Robe              |    10 |     1 |     3 ||    14
Dodge: Dodged            |    33 |     8 |    20 ||    61
